 Dungeon Crawl Stone Soup version 0.19.0-9-gfd783f2 (webtiles) character file.

57449 RKaid the Basher (level 14, -1/90 HPs)
             Began as a Gargoyle Fighter on Nov 7, 2016.
             Was the Champion of Cheibriados.
             Slain by a yak (2 damage)
             ... in an ice cave on Nov 8, 2016.
             The game lasted 01:23:41 (24078 turns).

RKaid the Basher (Gargoyle Fighter)                Turns: 24078, Time: 01:23:41

Health: -1/90      AC: 31    Str: 38    XL:     14   Next: 86%
Magic:  5/23       EV: 18    Int: 31    God:    Cheibriados [******]
Gold:   1151       SH:  7    Dex: 25    Spells: 5 memorised, 13 levels left

rFire  + + .     SeeInvis .     a - +2 mace (venom)
rCold  + . .     Gourm    .     K - +5 scale mail "Bunuj" {rF+ Str+3}
rNeg   + . .     Faith    .     G - +0 buckler
rPois  ∞         Spirit   .     X - +0 helmet {Int+3}
rElec  +         Reflect  .     M - +1 cloak {MR+}
rCorr  +         Harm     .     U - +0 pair of gloves
MR     ++...                    e - +1 pair of boots
Stlth  +.........               (no amulet)
                                H - +2 ring of evasion
                                q - ring of wizardry {Wiz+, !d}

@: resistant, flying, very slightly contaminated, very slow
A: big wings, negative energy resistance 1, electricity resistance, unbreathing,
petrification resistance, rot immunity, AC +9
a: Stop Flying, Bend Time, Temporal Distortion, Slouch, Step From Time, Renounce
Religion


You were in an ice cave.
You worshipped Cheibriados.
Cheibriados was exalted by your worship.
You were not hungry.

You visited 4 branches of the dungeon, and saw 18 of its levels.
You also visited: Ossuary and Ice Cave.

You collected 1151 gold pieces.

Inventory:

Hand Weapons
 a - a +2 mace of venom (weapon)
   (You took it off an orc on level 7 of the Dungeon)
 b - a +2 mace of holy wrath
   (You found it in an ossuary)
 j - a +0 dire flail
   (You took it off an orc warrior on level 7 of the Dungeon)
 z - a +2 shortbow of flaming
   (You took it off a centaur on level 1 of the Lair of Beasts)
Missiles
 h - 4 poisoned javelins (quivered)
 v - 152 arrows
Armour
 e - a +1 pair of boots (worn)
   (You found it on level 1 of the Dungeon)
 G - a +0 buckler (worn)
   (You found it on level 4 of the Dungeon)
 K - the +5 scale mail "Bunuj" (worn) {rF+ Str+3}
   (You found it on level 6 of the Dungeon)

   It affects your strength (+3).
   It protects you from fire.
 M - a +1 cloak of magic resistance (worn)
   (You found it on level 6 of the Dungeon)
 U - a +0 pair of gloves (worn)
   (You found it on level 9 of the Dungeon)
 X - a +0 helmet of intelligence (worn)
   (You found it on level 2 of the Lair of Beasts)
Jewellery
 c - an uncursed ring of protection from magic {MR+, !d}
   (You found it on level 6 of the Lair of Beasts)
 q - a ring of wizardry (left hand) {Wiz+, !d}
   (You found it on level 2 of the Dungeon)
 H - a +2 ring of evasion (right hand)
   (You found it on level 5 of the Dungeon)
Wands
 D - a wand of flame (48/48)
   (You found it on level 5 of the Dungeon)
 E - a wand of disintegration (12/24)
   (You found it on level 2 of the Lair of Beasts)
 L - a wand of lightning (1/15)
   (You found it on level 6 of the Dungeon)
 R - a wand of acid (6/15)
   (You found it on level 7 of the Dungeon)
Scrolls
 g - 6 scrolls of remove curse
 m - 4 scrolls of teleportation
 p - 2 scrolls of identify
 s - a scroll of fog
 y - a scroll of fear
Potions
 d - 2 potions of might
 i - 4 potions of curing
 k - 3 potions of magic
 l - 3 potions of lignification {!q}
 o - 2 potions of resistance
 r - a potion of ambrosia
 x - 2 potions of cancellation
 A - 4 potions of agility
 N - a potion of brilliance
 P - a potion of invisibility
Miscellaneous
 u - a phantom mirror
Comestibles
 f - 11 bread rations
 w - 8 meat rations
 O - 26 fruits
 Q - 2 slices of pizza


   Skills:
 - Level 11.2 Fighting
 + Level 13.5 Maces & Flails
 - Level 10.7 Armour
 - Level 5.9 Dodging
 - Level 5.0 Shields
 - Level 6.6 Spellcasting
 - Level 11.9 Conjurations
 + Level 3.2 Fire Magic
 - Level 8.0 Invocations


You had 13 spell levels left.
You knew the following spells:

 Your Spells              Type           Power        Failure   Level  Hunger
a - Magic Dart            Conj           ####         1%          1    None
b - Blink                 Tloc           N/A          4%          2    None
c - Mephitic Cloud        Conj/Pois/Air  ####....     1%          3    None
d - Repel Missiles        Chrm/Air       ##....       4%          2    None
f - Fireball              Conj/Fire      ######....   4%          5    ####...


Dungeon Overview and Level Annotations

Branches:
Dungeon (10/15)            Temple (1/1) D:6            Lair (6/6) D:8
 Shoals (0/4) Lair:4        Snake (0/4) Lair:3        Slime (0/5) Lair:5
    Orc (1/2) D:10

Altars:
Ashenzari
Cheibriados
Dithmenos
Elyvilon
Fedhas
Gozag
Hepliaklqana
Kikubaaqudgha
Makhleb
Nemelex Xobeh
Okawaru
Qazlal
Ru
Sif Muna
Trog
Uskayaw
Vehumet
Xom
Yredelemnul
Zin
The Shining One

Shops:
D:4 *[   D:6 *

Annotations:
D:8 exclusion: ice statue
Lair:5 exclusion: oklob plant
Lair:6 1 exclusion


Innate Abilities, Weirdness & Mutations

You are resistant to torment.
Your stone body is resilient. (AC +9)
You are immune to poison.
Your large and strong wings let you fly indefinitely.
You resist negative energy. (rN+)
You are resistant to electric shocks. (rElec)
You can survive without breathing.
You are immune to petrification.
You are immune to rotting.


Message History

Cheibriados thoroughly appreciates the change of pace.
The yak barely misses you. The polar bear closely misses you.
The polar bear claws you but does no damage.
You block the polar bear's attack. The polar bear misses you.
The polar bear claws you but does no damage.
The polar bear misses you.
You see here a wolf corpse.
You closely miss the polar bear.
The wolf stops to sniff the ground.
The polar bear bites you but does no damage.
You block the polar bear's attack. x2
The frost giant casts a spell at you. The bolt of cold misses you.
The frost giant casts a spell at you.
The bolt of cold hits the polar bear.
The polar bear resists.
The bolt of cold hits you! You block the polar bear's attack.
The polar bear closely misses you.
The polar bear claws you but does no damage.
The frost giant casts a spell at you.
The bolt of cold hits the polar bear.
The polar bear resists.
The bolt of cold hits you!
You feel protected.
The polar bear goes berserk!
You feel much better. The polar bear bites you.
You block the polar bear's attack. x2
Casting: Fireball
Confirm with . or Enter, or press ? or * to list all spells.
Aiming: Fireball
Press: ? - help, Shift-Dir - straight line, f - frost giant
Aim: a frost giant, wielding a battleaxe of freezing That beam is likely to hit you.
Continue anyway?
Okay, then.
The polar bear barely misses you. The polar bear completely misses you.
You block the polar bear's attack. The polar bear misses you.
The polar bear claws you but does no damage. x2
You hit the frost giant.
The frost giant is poisoned.
Casting: Fireball
Confirm with . or Enter, or press ? or * to list all spells.
Aiming: Fireball
Press: ? - help, Shift-Dir - straight line, p - frost giant
Okay, then.
You hit the frost giant but do no damage.
The frost giant looks even sicker.
The frost giant points at you and mumbles some strange words.
The bolt of cold hits you! You resist.
You can feel time thicken for a moment.
You kill the polar bear!
Cheibriados thoroughly appreciates the change of pace.
You feel somewhat more hungry.
The frost giant points at you and mumbles some strange words.
The bolt of cold hits you! You resist.
* * * LOW HITPOINT WARNING * * *
Casting: Fireball
Confirm with . or Enter, or press ? or * to list all spells.
You blink.
All of the chunks of flesh in your inventory have rotted away.
Okay, then.
Okay, then.
Really read
T - a scroll of blinking {!r}?
Blink to where?
Press: ? - help, Dir - move target cursor, p - frost giant You are very lightly contaminated with residual magic.
As you read the scroll of blinking {!r}, it crumbles to dust.
As you read the scroll of fog, it crumbles to dust.
The scroll dissolves into smoke.
The frost giant gestures at you while chanting.
The bolt of cold hits you! You resist.
* * * LOW HITPOINT WARNING * * *
Okay, then.
Unknown command.
Press: ? - help, v - describe, . - travel
Here: a frost giant, wielding a battleaxe of freezing (blue smoke, moderately wounded, poisoned)
The floor.
Okay, then.
As you read the scroll of fear, it crumbles to dust.
You assume a fearsome visage.
The wolf looks frightened!
The frost giant resists with almost no effort.
The frost giant gestures at you while chanting.
The bolt of cold hits you! You resist.
* * * LOW HITPOINT WARNING * * *
Okay, then.
You step out of the flow of time.
You return to the normal time flow.
You feel somewhat more hungry.
The yak bellows! x3
The yak closely misses you. x2
Casting: Blink
Confirm with . or Enter, or press ? or * to list all spells.
You blink.
The yak gores you but does no damage.
Casting: Blink
Confirm with . or Enter, or press ? or * to list all spells.
You blink.
As you read the scroll of teleportation, it crumbles to dust.
You feel strangely unstable.
Your surroundings suddenly seem different.
You block the yak's attack. The yak gores you.
* * * LOW HITPOINT WARNING * * *
Casting: Blink
Confirm with . or Enter, or press ? or * to list all spells.
You blink.
The yak gores you.
You die...

#..##
##...##
#..#..##
##..##..#
###
#..###..#
##.. ##..#
#..## #...
#..## ##÷.#
##... #.Y#
#.## #....
##@## #..#
##.... #..#
##.###.....
#.##
#..##.....
##Y#
##......##
##Y.#
##.....##
#§.##
##...###
#..#
#..###.
#..# ##.#
#. #.## ###
#.


You could see 3 yaks.

Vanquished Creatures
  11 hydras
  A catoblepas (Lair:4)
  A death yak (Lair:5)
  Urug (Lair:2)
  Sonja (Lair:2)
  2 fire crabs
  An unseen horror (D:10)
  3 elephants (Lair:5)
  6 black mambas
  A guardian serpent (Lair:3)
  Psyche (D:10)
  The ghost of loom the Destroyer, a novice DECj of Vehumet (D:7)
  An ice statue (IceCv)
  27 spiny frogs
  6 rime drakes
  5 komodo dragons
  13 polar bears (IceCv)
  A troll (D:10)
  Grinder (D:3)
  A snapping turtle (Lair:4)
  3 tyrant leeches
  2 two-headed ogres
  4 hornets
  3 blink frogs (Lair:4)
  10 hippogriffs
  Sigmund (D:3)
  12 spriggans (Lair:5)
  A human (D:8)
  A wraith (D:10)
  3 hogs (D:8)
  2 basilisks
  3 wyverns
  36 yaks
  4 vampire mosquitoes
  Menkaure (D:7)
  The ghost of Morrissey the Charmwright, an amateur HESk of Okawaru (D:4)
  4 swamp worms (Lair:4)
  21 water moccasins
  Duvessa (D:4)
  12 orc warriors
  3 sky beasts
  11 porcupines
  3 ice beasts
  A phantom (D:9)
  An eye of draining (D:10)
  A black bear (D:8)
  A necrophage (D:10)
  8 ogres
  3 boggarts (Lair:5)
  5 centaurs
  15 wolves
  16 crocodiles
  Blork the orc (D:8)
  5 big kobolds (D:10)
  27 bullfrogs
  3 gnoll sergeants (D:10)
  A wyvern skeleton (D:10)
  A water moccasin zombie (Ossuary)
  3 scorpions
  Dowan (D:4)
  6 wights (D:8)
  A howler monkey (D:5)
  4 electric eels (Lair:6)
  3 centaur zombies
  A bullfrog zombie (D:6)
  A crimson imp (D:8)
  3 orc priests
  3 hounds
  5 jellies
  3 bullfrog skeletons
  A centaur skeleton (D:6)
  Natasha (thrice) (D:4)
  Terence (D:3)
  2 iguanas
  8 orc wizards
  5 worker ants
  2 big kobold zombies (Ossuary)
  A hound zombie (D:8)
  3 hound skeletons
  2 mummies (Ossuary)
  Robin (D:2)
  A howler monkey skeleton (D:4)
  2 gnolls (D:10)
  11 adders
  2 shadow imps (D:5)
  7 oozes
  3 adder zombies (Ossuary)
  15 worms
  A dart slug (D:1)
  9 leopard geckos
  26 orcs
  2 ball pythons
  6 bats
  7 giant cockroaches
  3 gnoll zombies (Ossuary)
  19 goblins
  6 hobgoblins
  9 jackals
  5 quokkas
  7 frilled lizards
  4 hobgoblin zombies (Ossuary)
  A jackal skeleton (D:3)
  12 kobolds
  6 kobold zombies (Ossuary)
  A leopard gecko skeleton (D:6)
  A leopard gecko zombie (D:5)
  5 orc zombies (Ossuary)
  A quokka skeleton (D:7)
  A quokka zombie (D:5)
  4 rats
  2 fungi (D:8)
558 creatures vanquished.

Vanquished Creatures (others)
  A basilisk (Lair:5)
  19 fungi
  37 plants
57 creatures vanquished.

Grand Total: 615 creatures vanquished

Notes
Turn   | Place    | Note
-------+----------+-------------------------------------------
     0 | D:1      | RKaid the Gargoyle Fighter began the quest for the Orb.
     0 | D:1      | Reached XP level 1. HP: 14/14 MP: 1/1
   106 | D:1      | Reached XP level 2. HP: 18/19 MP: 2/2
   157 | D:1      | Reached skill level 3 in Maces & Flails
   552 | D:1      | Reached XP level 3. HP: 22/23 MP: 3/3
  1339 | D:2      | Reached skill level 4 in Maces & Flails
  1396 | D:2      | Reached XP level 4. HP: 28/28 MP: 4/4
  1474 | D:2      | Noticed Robin
  1532 | D:2      | HP: 7/28 [goblin/club[Robin] (1)]
  1534 | D:2      | Killed Robin
  1755 | D:2      | Upgraded the game from 0.19.0-2-gae57169 to 0.19.0-9-gfd783f2
  2197 | D:3      | Noticed Grinder
  2213 | D:3      | Killed Grinder
  2213 | D:3      | Reached skill level 6 in Maces & Flails
  2213 | D:3      | Reached XP level 5. HP: 32/32 MP: 5/5
  2213 | D:3      | Reached XP level 6. HP: 37/37 MP: 6/6
  2444 | D:3      | Found a sacrificial altar of Ru.
  2591 | D:3      | Noticed Terence
  2596 | D:3      | Noticed Sigmund
  2610 | D:3      | Killed Terence
  2618 | D:3      | Killed Sigmund
  2618 | D:3      | Reached skill level 7 in Maces & Flails
  2618 | D:3      | Reached XP level 7. HP: 21/41 MP: 7/7
  2784 | D:3      | Found a white marble altar of Elyvilon.
  3121 | D:4      | Noticed Natasha
  3128 | D:4      | Killed Natasha
  3152 | D:4      | Reached skill level 8 in Maces & Flails
  3228 | D:4      | Noticed Dowan
  3232 | D:4      | Noticed Morrissey's ghost (amateur HESk)
  3243 | D:4      | Killed Dowan
  3257 | D:4      | Killed Morrissey's ghost
  3262 | D:4      | Noticed Duvessa
  3269 | D:4      | HP: 6/41 [Duvessa/rapier (9)]
  3282 | D:4      | HP: 7/41 [Duvessa/rapier (3)]
  3290 | D:4      | Killed Duvessa
  3290 | D:4      | Reached skill level 9 in Maces & Flails
  3290 | D:4      | Reached XP level 8. HP: 9/46 MP: 8/8
  3291 | D:4      | HP: 8/46 [hound skeleton (2)]
  3659 | D:4      | Found Xeaj's Antique Armour Shoppe.
  3661 | D:4      | Noticed Natasha
  3670 | D:4      | Killed Natasha
  3820 | D:4      | Found Xutaxt's General Store.
  4142 | D:4      | Noticed Natasha
  4147 | D:4      | Killed Natasha
  4356 | D:5      | Entered Level 5 of the Dungeon
  4500 | D:5      | Reached skill level 10 in Maces & Flails
  4560 | D:5      | Found a snail-covered altar of Cheibriados.
  4566 | D:5      | Became a worshipper of Cheibriados the Contemplative
  4640 | D:5      | Found a sand-covered staircase.
  4644 | Ossuary  | Entered an ossuary
  4817 | Ossuary  | Reached * piety under Cheibriados
  5692 | D:6      | Reached skill level 4 in Armour
  5692 | D:6      | Reached skill level 4 in Shields
  5778 | D:6      | Found Gutwej's Assorted Antiques.
  5795 | D:6      | Reached XP level 9. HP: 51/51 MP: 9/9
  5980 | D:6      | Found a staircase to the Ecumenical Temple.
  6007 | Temple   | Entered the Ecumenical Temple
  6176 | D:6      | Got a brightly glowing scale mail
  6193 | D:6      | Identified the +5 scale mail "Bunuj" {rF+ Str+3} (You found it on level 6 of the Dungeon)
  6232 | D:6      | Reached skill level 5 in Armour
  6232 | D:6      | Reached skill level 5 in Shields
  6253 | D:6      | Found an opulent altar of Gozag.
  6294 | D:6      | Found an iron altar of Okawaru.
  6497 | D:7      | Reached ** piety under Cheibriados
  6749 | D:7      | Noticed Menkaure
  6755 | D:7      | Killed Menkaure
  6755 | D:7      | Reached skill level 4 in Fighting
  7005 | D:7      | Learned a level 1 spell: Magic Dart
  7008 | D:7      | Learned a level 2 spell: Blink
  7011 | D:7      | Learned a level 2 spell: Repel Missiles
  7015 | D:7      | Learned a level 3 spell: Mephitic Cloud
  7073 | D:7      | HP: 7/52 [orc priest/divine providence (13)]
  7330 | D:7      | Noticed a hornet
  7342 | D:7      | Reached skill level 6 in Armour
  7459 | D:7      | Reached skill level 5 in Fighting
  7539 | D:7      | Killed a hornet
  7693 | D:7      | Noticed loom's ghost (novice DECj)
  7713 | D:7      | Killed loom's ghost
  7713 | D:7      | Reached skill level 6 in Fighting
  7713 | D:7      | Reached skill level 7 in Armour
  7820 | D:8      | Noticed an ice devil
  7820 | D:8      | Noticed an ice devil
  7821 | D:8      | Noticed an ice devil
  7821 | D:8      | Noticed an ice statue
  7821 | D:8      | Noticed an ice devil
  7859 | D:8      | Noticed Blork the orc
  7892 | D:8      | Killed Blork the orc
  7898 | D:8      | Reached *** piety under Cheibriados
  7898 | D:8      | Reached XP level 10. HP: 45/61 MP: 10/10
  7999 | D:8      | Reached skill level 7 in Fighting
  7999 | D:8      | Reached skill level 8 in Armour
  8143 | D:8      | Found a deep blue altar of Sif Muna.
  8363 | D:8      | Reached skill level 8 in Fighting
  8612 | D:8      | Reached skill level 9 in Armour
  8751 | D:8      | Found a staircase to the Lair.
  9028 | D:8      | Reached **** piety under Cheibriados
  9473 | D:9      | Reached skill level 9 in Fighting
  9746 | D:9      | Found a bloodstained altar of Trog.
 10069 | D:10     | Entered Level 10 of the Dungeon
 10198 | D:10     | Reached skill level 10 in Armour
 10324 | D:10     | Reached XP level 11. HP: 72/72 MP: 11/11
 10342 | D:10     | Reached skill level 10 in Fighting
 10392 | D:10     | Reached skill level 1 in Spellcasting
 10392 | D:10     | Reached skill level 1 in Invocations
 10510 | D:10     | Reached ***** piety under Cheibriados
 10620 | D:10     | Found a staircase to the Orcish Mines.
 10629 | D:10     | Reached skill level 2 in Invocations
 10655 | D:10     | Reached skill level 2 in Spellcasting
 10687 | D:10     | Reached skill level 3 in Invocations
 10813 | D:10     | Killed an unseen horror
 10813 | D:10     | Reached skill level 3 in Spellcasting
 10813 | D:10     | Reached skill level 4 in Invocations
 10952 | D:10     | Identified a +0 rod of inaccuracy (13/13) (You found it on level 9 of the Dungeon)
 11274 | D:10     | Noticed Psyche
 11280 | D:10     | Killed Psyche
 11280 | D:10     | Reached skill level 5 in Invocations
 11507 | Lair:1   | Entered Level 1 of the Lair of Beasts
 11512 | Lair:1   | Noticed a four-headed hydra
 11515 | Lair:1   | Reached skill level 4 in Spellcasting
 11526 | Lair:1   | Killed a four-headed hydra
 11795 | Lair:1   | Reached skill level 6 in Invocations
 11896 | Lair:1   | Reached skill level 5 in Spellcasting
 11942 | Lair:1   | Found a bloodstained altar of Trog.
 12031 | Lair:1   | Noticed a four-headed hydra
 12041 | Lair:1   | Killed a four-headed hydra
 12041 | Lair:1   | Reached XP level 12. HP: 42/77 MP: 18/20
 12053 | Lair:1   | Reached skill level 7 in Invocations
 12587 | Lair:2   | Noticed Urug
 12611 | Lair:2   | Killed Urug
 12611 | Lair:2   | Reached skill level 6 in Spellcasting
 12719 | Lair:2   | Noticed Sonja
 12735 | Lair:2   | Killed Sonja
 12870 | Lair:2   | Got a silken robe
 12916 | Lair:2   | Reached ****** piety under Cheibriados
 12952 | Lair:2   | Reached skill level 8 in Invocations
 13096 | Lair:2   | Reached skill level 2 in Conjurations
 13246 | Lair:2   | Reached skill level 3 in Conjurations
 13425 | Lair:2   | Reached skill level 4 in Conjurations
 13826 | Lair:2   | Reached skill level 5 in Conjurations
 14263 | Lair:3   | Noticed an eight-headed hydra
 14274 | Lair:3   | HP: 15/77 [eight-headed hydra (6)]
 14276 | Lair:3   | Killed an eight-headed hydra
 14276 | Lair:3   | Reached skill level 6 in Conjurations
 14281 | Lair:3   | HP: 5/77 [rime drake/flash freeze (12)]
 14482 | Lair:3   | Noticed a four-headed hydra
 14494 | Lair:3   | Killed a four-headed hydra
 14494 | Lair:3   | Reached skill level 7 in Conjurations
 14748 | Lair:3   | Reached skill level 8 in Conjurations
 15068 | Lair:3   | Found a staircase to the Snake Pit.
 15104 | Lair:3   | Reached skill level 9 in Conjurations
 15279 | Lair:3   | Noticed a five-headed hydra
 15294 | Lair:3   | Killed a five-headed hydra
 15294 | Lair:3   | Reached XP level 13. HP: 46/82 MP: 22/22
 15631 | Lair:4   | Reached skill level 10 in Conjurations
 16109 | Lair:4   | Reached skill level 11 in Conjurations
 16777 | Lair:4   | Found a staircase to the Shoals.
 17504 | Lair:4   | Reached skill level 1 in Dodging
 17808 | Lair:5   | Learned a level 5 spell: Fireball
 17886 | Lair:5   | Reached skill level 11 in Maces & Flails
 17886 | Lair:5   | Reached skill level 2 in Dodging
 17893 | Lair:5   | Found a staircase to the Slime Pits.
 18508 | Lair:5   | Reached skill level 3 in Dodging
 19331 | Lair:5   | Reached skill level 4 in Dodging
 19919 | Lair:3   | Gained mutation: Your large and strong wings let you fly indefinitely. [Gargoyle growth]
 19919 | Lair:3   | Reached XP level 14. HP: 88/88 MP: 23/23
 20010 | Lair:6   | Entered Level 6 of the Lair of Beasts
 20035 | Lair:5   | Reached skill level 12 in Maces & Flails
 20228 | Lair:6   | Reached skill level 5 in Dodging
 20249 | Lair:5   | HP: 22/88 [six-headed hydra (10)]
 21750 | Lair:6   | Reached skill level 11 in Fighting
 21750 | Lair:6   | Reached skill level 13 in Maces & Flails
 22832 | Lair:6   | Got a coiled jade ring
 22836 | Lair:6   | Identified the ring "Jebbuax" {*Tele rPois} (You found it on level 6 of the Lair of Beasts)
 23181 | D:8      | Got a shimmering double sword
 23185 | D:8      | Identified the +3 double sword of the Depths {slice, rElec rF+} (You found it on level 8 of the Dungeon)
 23390 | Orc:1    | Entered Level 1 of the Orcish Mines
 23426 | Orc:1    | Found a frozen archway.
 23436 | IceCv    | Entered an ice cave
 23450 | IceCv    | Reached skill level 1 in Fire Magic
 23562 | IceCv    | Reached skill level 2 in Fire Magic
 23856 | IceCv    | Reached skill level 3 in Fire Magic
 24047 | IceCv    | Noticed a frost giant
 24060 | IceCv    | HP: 21/90 [frost giant/bolt of cold (18)]
 24067 | IceCv    | HP: 13/90 [frost giant/bolt of cold (11)]
 24068 | IceCv    | HP: 1/90 [frost giant/bolt of cold (12)]
 24077 | IceCv    | HP: 1/90 [yak (4)]
 24078 | IceCv    | Slain by a yak

Skill      XL: |  1  2  3  4  5  6  7  8  9 10 11 12 13 14 |
---------------+-------------------------------------------+-----
Maces & Flails | 3 4 6 7 9 10 11 13 | 13.5
Armour         | 4 7 10 | 10.7
Shields        | 4 5 |  5.0
Fighting       | 6 9 10 11 | 11.2
Spellcasting   | 5 6 |  6.6
Invocations    | 6 8 |  8.0
Conjurations   | 9 11 | 11.9
Dodging        | 4 5 |  5.9
Fire Magic     | 3 |  3.2

Action                   |  1- 3 |  4- 6 |  7- 9 | 10-12 | 13-15 || total
-------------------------+-------+-------+-------+-------+-------++-------
Melee: Flail             |   122 |   182 |   277 |       |       ||   581
       Mace              |       |       |   221 |   856 |  1115 ||  2192
Throw: Javelin           |       |       |       |    16 |    11 ||    27
 Cast: Blink             |       |       |       |     2 |    10 ||    12
       Mephitic Cloud    |       |       |       |     2 |     1 ||     3
       Magic Dart        |       |       |       |     1 |     4 ||     5
       Repel Missiles    |       |       |       |     1 |       ||     1
       Fireball          |       |       |       |       |     2 ||     2
Invok: Step From Time    |       |       |       |       |     1 ||     1
       Slouch            |       |       |       |       |     1 ||     1
 Abil: Fly               |       |       |       |       |     1 ||     1
Evoke: Wand              |       |       |       |       |     1 ||     1
  Use: Potion            |       |       |     4 |     1 |     3 ||     8
       Scroll            |       |       |    22 |     5 |    10 ||    37
 Stab: Petrified         |       |       |       |       |     9 ||     9
       Confused          |       |       |       |       |     4 ||     4
  Eat: Chunk             |     2 |     4 |    10 |     7 |     5 ||    28
       Fruit             |       |       |     2 |       |       ||     2
       Beef jerky        |       |       |       |     3 |     1 ||     4
       Royal jelly       |       |       |       |     1 |       ||     1
       Pizza             |       |       |       |       |     7 ||     7
Armor: Scale mail        |    88 |   133 |   220 |   548 |   634 ||  1623
Dodge: Dodged            |    49 |    68 |   161 |   481 |   883 ||  1642
       Deflected         |       |       |       |     1 |     2 ||     3
Block: Shield            |    83 |   127 |   132 |       |       ||   342
       Buckler           |       |       |    39 |   264 |   414 ||   717

Vault maps used:
D:1:      minmay_arrival_up_and_down, minmay_misc_feat_cross
D:2:      kennysheep_goblin_castle
D:3:      hangedman_ru_absence, elyvilon_altar_4, uniq_sigmund, uniq_grinder,
          uniq_terence
D:4:      serial_shops, shop_fountains, shop, serial_park_tiny_1,
          hangedman_minor_gate_pass, uniq_duvessa, uniq_natasha
D:5:      old_standard_altar, enter_ossuary_5, first_bread, grunt_ministairs_9
D:6:      lemuel_coloured_pillars_altar, serial_shops, shop, okawaru_gym_becter
D:7:      serial_co_window_serial, co_window_paths_b, co_window_paths_a,
          co_window_corner_a, co_window_corner_a, co_window_paths_a,
          co_window_2corner, co_window_broadway_b, co_window_corner_b,
          co_window_4corner_b, co_window_paths_d, glass_columns_c,
          glass_columns_b, glass_columns_b, glass_columns_b, uniq_menkaure
D:8:      cheibrodos_frozen_isle, nicolae_overflow_hidden_temple,
          dpeg_oklobed_lair, grunt_livestock, sword_in_stone
D:9:      kennysheep_little_box
D:10:     kennysheep_orc_monster_closet_entryway, minmay_misc_feat_more_columns,
          uniq_psyche
Temple:   regret_index_temple_sphere_string
Lair:1:   lemuel_centaur_altar
Lair:2:   uniq_urug, uniq_sonja
Lair:3:   minmay_snake_entry_spellcaster, grunt_megastairs_2, lemuel_fruit_tree,
          infiniplex_staircase_pool_2
Lair:4:   minmay_shoals_entry_hut, worms_lemuel
Lair:5:   kb_forest_paths, nicolae_slime_entry_slimehenge,
          minmay_lair_oklob_bushes, serial_bayou_shore_b
Lair:6:   minmay_lair_end_frog_pond, serial_bayou_pond_a, lemuel_fruit_fields
Orc:1:    portal_ice_cave_rime
Ossuary:  ossuary_tomb_2
IceCv:    ice_cave_small_giant

Table legend:
 A = Turns spent in this place as a percentage of turns spent in the entire game.
 B = Non-inter-level travel turns spent in this place as a percentage of non-inter-level travel turns spent in the entire game.
 C = Inter-level travel turns spent in this place as a percentage of turns spent in this place.
 D = Turns resting spent in this place as a percentage of non-inter-level travel turns spent in this place.
 E = Turns spent auto-exploring this place as a percentage of non-inter-level travel turns spent in this place.
 F = Non-inter-level travel turns spent in this place divided by the number of levels of this place that you've seen.
                   A       B       C       D       E      F
               +-------+-------+-------+-------+-------+----------------------
         Total | 100.0 | 100.0 |   0.6 |   3.3 |   5.6 | 313.0
       Dungeon |  44.9 |  44.9 |   0.6 |   2.3 |   7.2 | 281.0
        Temple |   0.3 |   0.3 |   5.9 |   0.0 |  93.8 |  16.0
          Lair |  46.0 |  46.0 |   0.6 |   4.3 |   4.6 | 479.7
  Orcish Mines |   0.7 |   0.8 |   0.0 |   0.0 |   0.0 |  47.0
       Ossuary |   3.1 |   3.2 |   0.0 |   4.0 |   0.5 | 198.0
      Ice Cave |   5.0 |   5.0 |   0.0 |   3.2 |   0.0 | 312.0
               +-------+-------+-------+-------+-------+----------------------

Table legend:
 A = Kills in this place as a percentage of kills in entire the game.
 B = Kills by you in this place as a percentage of kills by you in the entire game.
 C = Kills by friends in this place as a percentage of kills by friends in the entire game.
 D = Other kills in this place as a percentage of other kills in the entire game.
 E = Experience gained in this place as a percentage of experience gained in the entire game.
 F = Experience gained in this place divided by the number of levels of this place that you have seen.
                   A       B       C       D       E      F
               +-------+-------+-------+-------+-------+----------------------
         Total | 100.0 | 100.0 |  -nan | 100.0 | 100.0 | 4103.5
       Dungeon |  46.6 |  46.7 |  -nan |   0.0 |  18.5 | 1522.3
          Lair |  42.3 |  42.2 |  -nan | 100.0 |  72.3 | 9892.7
  Orcish Mines |   1.6 |   1.6 |  -nan |   0.0 |   1.3 | 1088.0
       Ossuary |   4.7 |   4.7 |  -nan |   0.0 |   0.2 | 199.0
      Ice Cave |   4.9 |   4.9 |  -nan |   0.0 |   7.6 | 6204.0
               +-------+-------+-------+-------+-------+----------------------
